 Dungeon Crawl Stone Soup version 0.26.0-20-g3ca415f5b8 (webtiles) character file.

Game seed: 596106754600057999

235 thiole the Sneak (level 6, 0/39 HPs)
             Began as an Octopode Hedge Wizard on Jan 25, 2021.
             Slain by Grinder (10 damage)
             ... on level 4 of the Dungeon.
             The game lasted 00:10:46 (4653 turns).

thiole the Sneak (Octopode Hedge Wizard)            Turns: 4653, Time: 00:10:46

Health: 0/39       AC:  1    Str: 10    XL:     6   Next: 6%
Magic:  4/11       EV: 13    Int: 18    God:
Gold:   301        SH:  0    Dex: 11    Spells: 1/12 levels left

rFire    . . .     SeeInvis .   a - +0 dagger
rCold    . . .     Faith    .   (no shield)
rNeg     . . .     Spirit   .   k - +0 hat
rPois    .         Reflect  .   (no amulet)
rElec    .         Harm     .   (no ring)
rCorr    .         Rampage  .   (no ring)
Will     .....                  (no ring)
Stlth    ++++......             (no ring)
HPRegen  0.13/turn              (no ring)
MPRegen  0.12/turn              (no ring)
                                (no ring)
                                (no ring)

@: brilliant
A: almost no armour, stealthy swim, amphibious, 8 rings, constrict 8, camouflage
1, gelatinous body 1
a: no special abilities


You were on level 4 of the Dungeon.
You visited 1 branch of the dungeon, and saw 4 of its levels.

You collected 301 gold pieces.

Inventory:

Hand Weapons
 a - a +0 dagger (weapon)
 b - a +3 hunting sling
Missiles
 j - 90 stones
 s - 14 poisoned darts
Armour
 k - a +0 hat (worn)
 n - a +0 kite shield
Scrolls
 c - 2 scrolls of blinking {unknown}
 d - 7 scrolls of remove curse {unknown}
 e - a scroll of fog {unknown}
 f - 3 scrolls of teleportation {unknown}
 i - a scroll of enchant armour {unknown}
 o - 3 scrolls of identify {unknown}
 r - 2 scrolls of amnesia {unknown}
 u - a scroll of noise {unknown}
 x - a scroll of magic mapping {unknown}
Potions
 g - a potion of brilliance
 h - 2 potions of degeneration {unknown}
 l - 3 potions of lignification {unknown}
 m - a potion of heal wounds {unknown}
 p - a potion of resistance {unknown}
 q - a potion of attraction {unknown}
 t - 2 potions of mutation {unknown}
 v - a potion of haste {unknown}
 w - a potion of curing {unknown}


   Skills:
 + Level 1.7 Fighting
 - Level 2.0 Dodging
 + Level 4.6 Stealth
 + Level 2.0 Shields
 - Level 3.6 Spellcasting
 - Level 2.0 Conjurations
 - Level 2.0 Summonings
 - Level 1.0 Translocations
 - Level 1.3 Fire Magic
 + Level 0.6 Air Magic
 + Level 0.8 Poison Magic


You had one spell level left.
You knew the following spells:

 Your Spells              Type           Power        Failure   Level
a - Magic Dart            Conj           60%          7%          1
b - Call Imp              Summ           15%          11%         2
c - Blink                 Tloc           N/A          16%         2
d - Conjure Flame         Conj/Fire      13%          24%         3
e - Mephitic Cloud        Conj/Pois/Air  11%          28%         3

Your spell library contained the following spells:

 Spells                   Type           Power        Failure   Level
 Freeze                   Ice            16%          16%         1
 Slow                     Hex            4%           24%         2
 Frozen Ramparts          Ice            8%           43%         3
 Ozocubu's Armour         Ice            4%           43%         3
 Hailstorm                Conj/Ice       10%          71%         4
 Summon Ice Beast         Ice/Summ       10%          71%         4


Dungeon Overview and Level Annotations

Branches:
Dungeon (4/15)
 Temple: D:4-7

Altars:
Kikubaaqudgha
Nemelex Xobeh
Ru
Vehumet
The Shining One

Annotations:
D:4 Blork the orc, Grinder


Innate Abilities, Weirdness & Mutations

You cannot wear most types of armour.
You are very stealthy in the water. (Stealth+)
You are amphibious.
You can wear up to eight rings at the same time.
You can use your tentacles to constrict eight enemies at once.
Your skin changes colour to match your surroundings (Stealth+).
Your rubbery body absorbs attacks. (AC +1, EV +1)


Message History

Your crimson imp hits Grinder but does no damage.
Your crimson imp blinks!
Grinder gestures at you. Pain shoots through your body!
Your crimson imp blinks!
You closely miss Grinder. You grab Grinder.
Grinder is moderately wounded.
You constrict Grinder. Grinder hits you!
You writhe in agony.
Your crimson imp blinks!
You barely miss Grinder.
Grinder is moderately wounded.
You constrict Grinder. Grinder hits you!
You hit Grinder but do no damage.
Grinder is moderately wounded.
You constrict Grinder. Grinder hits you.
* * * LOW HITPOINT WARNING * * *
It was a potion of brilliance.
You feel clever all of a sudden.
You constrict Grinder.
Your crimson imp hits Grinder.
Grinder hits you!
You die...

########## #........####
########........#...
+...............#.##
#..@...#.....####...
#=.5...#.....# #...
#..55.........# #...
#.............####...
......................
......................>
######......##..........
.......##..........
..... #...#......


You could see Grinder and 2 friendly crimson imps.

Vanquished Creatures
  An ogre (D:4)
  A scorpion (D:4)
  6 adders
  A dart slug (D:3)
  A leopard gecko (D:3)
  2 giant cockroaches
  7 hobgoblins
  9 jackals
  5 kobolds
  2 quokkas
  7 bats
  5 frilled lizards
  7 rats
54 creatures vanquished.

Vanquished Creatures (collateral kills)
  Terence (D:3)
  4 gnolls (D:3)
  A jackal (D:2)
  A frilled lizard (D:4)
7 creatures vanquished.

Grand Total: 61 creatures vanquished

Notes
Turn   | Place    | Note
-------+----------+-------------------------------------------
     0 | D:1      | thiole the Octopode Hedge Wizard began the quest for the
                  | Orb.
     0 | D:1      | Reached XP level 1. HP: 11/11 MP: 4/4
   525 | D:1      | Reached XP level 2. HP: 17/17 MP: 3/6
   802 | D:1      | Learned a level 2 spell: Call Imp
   805 | D:1      | Learned a level 2 spell: Blink
   813 | D:1      | Reached skill level 3 in Stealth
  1344 | D:2      | Found a sparkling altar of Nemelex Xobeh.
  1399 | D:2      | Found a radiant altar of Vehumet.
  1481 | D:2      | Reached XP level 3. HP: 16/21 MP: 0/7
  1673 | D:2      | Found an ancient bone altar of Kikubaaqudgha.
  2213 | D:2      | Reached XP level 4. HP: 24/27 MP: 3/8
  2217 | D:2      | Learned a level 3 spell: Conjure Flame
  2804 | D:3      | Found a sacrificial altar of Ru.
  2804 | D:3      | Found a glowing golden altar of the Shining One.
  2849 | D:3      | Noticed Terence
  2860 | D:3      | Killed Terence
  2861 | D:3      | Reached skill level 1 in Shields
  3313 | D:3      | Reached skill level 4 in Stealth
  3446 | D:3      | Reached XP level 5. HP: 24/32 MP: 4/10
  3475 | D:3      | Reached skill level 1 in Fighting
  3475 | D:3      | Reached skill level 1 in Fire Magic
  3871 | D:4      | Noticed an ogre
  4148 | D:4      | HP: 1/33 [ogre/+0 giant club (22)]
  4173 | D:4      | Noticed Blork the orc
  4485 | D:3      | Learned a level 3 spell: Mephitic Cloud
  4552 | D:4      | Killed an ogre
  4553 | D:4      | Reached XP level 6. HP: 39/39 MP: 3/11
  4631 | D:4      | Noticed Grinder
  4641 | D:4      | Paralysed by Grinder for 4 turns
  4653 | D:4      | Slain by Grinder

Illustrated notes

Levels and vault maps discovered:
D:1:      zelgadis_glass_arrival_small, layout_loops_ring
D:2:      minmay_diamond_boxcup, layout_basic, old_standard_altar,
          nemelex_altar_shiori, vehumet_crystals
D:3:      layout_basic, gammafunk_temple_overflow_elements, uniq_terence
D:4:      layout_basic, uniq_natasha, uniq_robin, uniq_blork_the_orc,
          uniq_grinder

Skill      XL: |  1  2  3  4  5 |
---------------+----------------+-----
Stealth        | 3 4 |  4.6
Conjurations   | 2 |  2.0
Summonings     | 2 |  2.0
Shields        | 1 2 |  2.0
Fighting       | 1 |  1.7
Fire Magic     | 1 |  1.3
Dodging        | |  2.0
Spellcasting   | |  3.6
Translocations | |  1.0
Air Magic      | |  0.6
Poison Magic   | |  0.8

Action                   |  1- 3 |  4- 6 || total
-------------------------+-------+-------++-------
Melee: Dagger            |    13 |    42 ||    55
       Tentacles         |     3 |     5 ||     8
       Constrict         |     3 |    11 ||    14
 Fire: Hunting sling     |    10 |       ||    10
 Cast: Magic Dart        |    45 |    68 ||   113
       Call Imp          |     1 |    26 ||    27
       Conjure Flame     |       |     2 ||     2
  Use: Potion            |       |     1 ||     1
 Stab: Distracted        |       |     1 ||     1
       Sleeping          |       |     1 ||     1
Armor: Skin              |     4 |     3 ||     7
Dodge: Dodged            |    18 |    43 ||    61
